 Dungeon Crawl Stone Soup version 0.31.0-32-g396128a36d (webtiles) character file.

Game seed: 17566947726536253463

127059 mainiacjoe the Slicer (level 17, -5/119 HPs)
             Began as a Djinni Alchemist on Mar 11, 2024.
             Was the Champion of Cheibriados.
             Slain by a vault guard
             ... wielding a +0 great mace
              (11 damage)
             ... while petrified by a catoblepas
             ... on level 13 of the Dungeon on Mar 13, 2024.
             The game lasted 02:05:39 (25831 turns).

mainiacjoe the Slicer (Djinni Alchemist)           Turns: 25831, Time: 02:05:40

Health: -5/119     AC: 13    Str: 18    XL:     17   Next: 55%
Gold:   232        EV:  2    Int: 39    God:    Cheibriados [******] SH:  0 Dex: 33

rFire   + + +        a - +6 quick blade (protect)
rCold   + + .        T - +2 kite shield {AC+3}
rNeg    + + +        l - +0 robe "Sukavasith" {Dex+3 Slay+4 SInv}
rPois   ∞            j - +2 helmet
rElec   .            u - +1 cloak {Stlth+}
rCorr   +            t - +2 pair of gloves
SInv    +            (boots unavailable)
Will    +....        y - amulet of the acrobat
Stlth   ++++++       R - +5 ring of evasion
HPRegen 0.39/turn    V - ring "Qoesem" {^Contam rF+ rC+++ rCorr Str-4, =R}
MPRegen 0.00/turn

%: acrobat, infuse magic (-6 HP)
@: petrified, flying, studying Evocations, very slow
A: sickness immunity, fire resistance 2, cold vulnerability 1, float, innate
caster, HP casting, extra vitality 1
a: Renounce Religion, Bend Time, Temporal Distortion, Slouch, Step From Time


You were on level 13 of the Dungeon.
You worshipped Cheibriados.
Cheibriados was exalted by your worship.
You visited 4 branches of the dungeon, and saw 22 of its levels.
You also visited: Ossuary, Bailey and Ice Cave.

You collected 2918 gold pieces.
You spent 2686 gold pieces at shops.

Inventory:

Hand Weapons
 a - a +6 quick blade of protection (weapon)
 b - the +9 long sword of Boics {flame, rPois Str+2}
   (You found it on level 5 of the Lair of Beasts)

   Str+2:     It affects your strength (+2).
   rPois:     It protects you from poison
Missiles
 c - 17 javelins
 h - 3 throwing nets {=F}
 o - 22 boomerangs
 p - 33 poisoned darts
 J - 8 curare-tipped darts {=F}
Armour
 j - a +2 helmet (worn)
 l - the +0 robe "Sukavasith" (worn) {Dex+3 Slay+4 SInv}
   (You found it on level 5 of the Dungeon)

   Dex+3:     It affects your dexterity (+3).
   Slay+4:    It affects your accuracy & damage with ranged weapons and melee
   (+4).
   SInv:      It lets you see invisible.
 t - a +2 pair of gloves (worn)
 u - a +1 cloak of stealth (worn)
 H - a +1 robe of willpower
 T - a +2 kite shield of protection (worn)
Jewellery
 s - a ring of fire
 y - an amulet of the acrobat (around neck)
 B - a ring of willpower
 F - a ring of willpower
 I - the amulet of the Prince of Darkness {Faith rElec rPois rC- Int+4}
   (You found it on level 7 of the Dungeon)

   [amulet of faith]

   Faith:     It allows you to gain divine favour quickly.
   Int+4:     It affects your intelligence (+4).
   rC-:       It makes you vulnerable to cold.
   rElec:     It insulates you from electricity.
   rPois:     It protects you from poison
 R - a +5 ring of evasion (left hand)
 V - the ring "Qoesem" (right hand) {^Contam rF+ rC+++ rCorr Str-4, =R}
   (You found it on level 1 of the Lair of Beasts)

   [ring of protection from fire]

   Str-4:     It affects your strength (-4).
   rF+:       It protects you from fire.
   rC+++:     It renders you almost immune to cold.
   ^Contam:   It causes magical contamination when unequipped.
   rCorr:     It protects you from acid and corrosion.
Wands
 g - a wand of iceblast (6)
 v - a wand of flame (25)
 w - a wand of polymorph (6)
 D - a wand of acid (3)
 S - a wand of charming (2)
 W - a wand of mindburst (16)
Scrolls
 m - a scroll of silence
 q - 3 scrolls of fear
 x - 12 scrolls of teleportation
 A - 10 scrolls of identify
 E - 2 scrolls of fog
 K - 3 scrolls of poison
 L - 2 scrolls of immolation
 N - 2 scrolls of blinking
 Q - a scroll of revelation
Potions
 d - 15 potions of curing
 e - 4 potions of lignification
 f - 5 potions of brilliance
 i - 3 potions of invisibility
 k - 4 potions of ambrosia
 n - 4 potions of mutation
 r - 4 potions of cancellation
 z - 4 potions of heal wounds
 C - 4 potions of enlightenment
 M - 3 potions of berserk rage
 O - a potion of resistance
 U - 5 potions of might


   Skills:
 - Level 10.0 Fighting
 - Level 14.0 Short Blades
 - Level 10.0 Dodging
 - Level 8.6 Stealth
 - Level 10.0 Shields
 + Level 10.2 Spellcasting
 + Level 10.2 Conjurations
 + Level 10.2 Hexes
 + Level 10.2 Summonings
 + Level 10.2 Necromancy
 + Level 10.2 Translocations
 + Level 10.2 Fire Magic
 + Level 10.2 Ice Magic
 + Level 10.2 Air Magic
 + Level 10.2 Earth Magic
 + Level 10.2 Alchemy
 - Level 10.0 Invocations
 - Level 8.0 Evocations


You knew the following spells:

 Your Spells              Type           Power      Damage    Failure   Level
a - Starburst             Conj/Fire      39%        6d11      9%          6
b - Inner Flame           Hex/Fire       79%        N/A       1%          3
c - Mephitic Cloud        Conj/Alch/Air  79%        N/A       1%          3
d - Ignite Poison         Fire/Alch      79%        N/A       1%          4
e - Sticky Flame          Fire/Alch      79%        2d12      1%          4
f - Olgreb's Toxic Radia  Alch           79%        N/A       1%          4
g - Freezing Cloud        Conj/Ice/Air   39%        6-21      1%          5
h - Sigil of Binding      Hex            79%        N/A       1%          3
i - Mercury Vapours       Alch/Air       100%       N/A       1%          2
j - Summon Small Mammal   Summ           100%       N/A       1%          1
k - Lesser Beckoning      Tloc           100%       N/A       1%          2
l - Sting                 Conj/Alch      100%       1d9       1%          1
s - Death Channel         Necr           39%        N/A       9%          6
Your spell library was empty.

Dungeon Overview and Level Annotations

Branches:
Dungeon (14/15)            Temple (1/1) D:5            Lair (5/5) D:8
 Shoals (0/4) Lair:3       Spider (0/4) Lair:3        Slime (0/5) Lair:5
    Orc (2/2) D:12            Elf (0/3) Orc:2       Ossuary (visited)
 Bailey (visited)           IceCv (visited)
 Vaults: D:13-14

Altars:
Ashenzari
Cheibriados
Dithmenos
Elyvilon
Fedhas
Gozag
Hepliaklqana
Makhleb
Nemelex Xobeh
Okawaru
Qazlal
Ru
Trog
Uskayaw
Wu Jian
Xom
Yredelemnul
Zin
The Shining One

Shops:
D:5 !*   D:9 ?   D:10 ?(*!   Orc:1 [   Orc:2 [:*(*

Annotations:
Lair:4 3 runed translucent doors, Odimp's ghost, journeyman KoWn; Vufrucs's ghost, journeyman DrSh
Orc:1 2 transporters, Jorgrun; Tripartite's ghost, journeyman MfBe
Orc:2 3 runed translucent doors, exclusion: 3 doors, kftrendy's ghost, journeyman TrFi


Innate Abilities, Weirdness & Mutations

You are immune to sickness and miasma.
You are immune to poison.
Your flesh is very heat resistant. (rF++)
You are vulnerable to cold. (rC-)
You float through the air rather than walking.
You learn spells naturally, not from books.
Your magical power is your life essence.
You have superior vitality. (+4 MHP)


Message History

You block the two-headed ogre's attack.
The two-headed ogre completely misses you.
The vault guard misses you.
Activating: Slouch (1% risk of failure)
Press: ? - help, Dir - look around, f - activate You can feel time thicken for a moment.
You kill the two-headed ogre!
Cheibriados appreciates the change of pace.
You kill the centaur warrior!
Cheibriados appreciates the change of pace.
You kill the centaur warrior!
Cheibriados appreciates the change of pace.
A centaur comes into view.
The vault guard hits you with a +0 great mace!!
* * * LOW HITPOINT WARNING * * *
An orc wizard comes into view. It is wielding a +0 dagger.
The catoblepas breathes a plume of calcifying dust at you.
The blast of calcifying dust hits you but does no damage.
You are engulfed in calcifying dust.
You are slowing down.
You block the vault guard's attack. The catoblepas barely misses you.
The centaur wields a +0 shortbow.
The centaur shoots an arrow.
You block the arrow.
The cyclops throws a large rock.
The large rock closely misses you.
You fly upwards.
You have turned to stone.
The catoblepas gores you but does no damage.
The vault guard hits you with a +0 great mace!
* * * LOW HITPOINT WARNING * * *
The catoblepas breathes a plume of calcifying dust at you.
The blast of calcifying dust hits you.
* * * LOW HITPOINT WARNING * * *
The vault guard hits you with a +0 great mace!
* * * LOW HITPOINT WARNING * * *
You are engulfed in calcifying dust.
The catoblepas gores you.
The vault guard hits you with a +0 great mace!
* * * LOW HITPOINT WARNING * * *
You are engulfed in calcifying dust.
The catoblepas gores you!
* * * LOW HITPOINT WARNING * * *
The vault guard hits you with a +0 great mace!!
You die...

.................#
...#..####.##?..## #.##^.#
#.###.######### #.##..####.#
#.........# #..........#
#.#######.# ####..########'##
##.#### #..# ##...## #.....#
####..# ##.....## #..##.#
......# ##.....@.###..#..#
###...####.....Yp..##.....###
^........+.........'........#
.##...##.#.........##.....#.#
.###.###<##...(...######.##.#
.# #.###.###.....## ####.# .#
#..##.# ##...## #.# .#
##.##.# ##+## ##.# .####.##.#
#.# #..#


You could see a catoblepas and a vault guard.

Vanquished Creatures
  Saint Roka (Orc:2)
  A frost giant (IceCv)
  A dire elephant (Lair:5)
  Snorg (D:12)
  2 vault guards (Bailey)
  An ogre mage (Orc:2)
  Erolcha (D:9)
  A catoblepas (Lair:5)
  4 boulder beetles
  12 hydras
  3 centaur warriors
  4 two-headed ogres
  20 death yaks
  2 orc high priests (Orc:2)
  Sonja (Lair:1)
  4 skysharks
  An arcanist (D:13)
  3 orc knights
  Pikel (D:8)
  A lindwurm (Lair:5)
  3 ugly things
  A deep elf pyromancer (D:13)
  An orc sorcerer (Orc:2)
  3 manticores
  2 cyclopes
  A merfolk siren (Lair:3)
  4 meliai
  2 kobold blastminers (Orc:2)
  19 elephants
  2 slime creatures (D:10)
  6 black mambas
  12 cane toads
  An unseen horror (D:12)
  A torpor snail (Lair:4)
  An ice statue (IceCv)
  10 rime drakes
  12 komodo dragons
  Psyche (D:8)
  A kobold demonologist (D:12)
  A troll (Orc:2)
  6 polar bears
  Prince Ribbit (Bailey)
  A queen bee (shapeshifter) (D:13)
  A hornet (D:9)
  3 merfolk (Lair:3)
  14 blink frogs
  4 dream sheep (Lair:5)
  5 wyverns
  3 wraiths
  54 yaks
  Eustachio (D:6)
  6 humans
  Grum (D:8)
  2 wargs (Orc:2)
  4 basilisks
  2 steam dragons
  Edmund (D:4)
  17 water moccasins
  5 acid dragons
  A swamp drake (D:12)
  28 orc warriors
  2 ice beasts
  2 sky beasts
  2 black bears
  8 ogres
  25 wolves
  9 centaurs
  An elf zombie (Ossuary)
  2 phantoms
  A weeping skull (Ossuary)
  2 kobold brigands
  Blork the orc (D:6)
  22 bullfrogs
  3 scorpions (D:6)
  2 gnoll sergeants
  A burial acolyte (Ossuary)
  11 wights
  11 killer bees
  6 howler monkeys
  2 electric eels (D:9)
  A bombardier beetle (D:5)
  7 hounds
  2 jellies
  18 orc priests
  A gnoll bouda (D:8)
  A sleepcap (D:5)
  6 iguanas
  Natasha (thrice) (D:2)
  32 orc wizards
  13 hell rats
  7 mummies
  11 adders
  13 gnolls
  2 shadow imps
  A white imp (D:8)
  9 ufetubi
  2 ribbon worms
  2 dart slugs (D:3)
  86 orcs
  11 ball pythons
  6 endoplasms
  4 giant cockroaches
  16 goblins
  6 hobgoblins
  4 jackals (D:1)
  4 quokkas
  9 bats
  2 frilled lizards
  A gnoll zombie (Ossuary)
  17 kobolds
  4 kobold zombies
  An orc zombie (Ossuary)
  4 rats
728 creatures vanquished.

Vanquished Creatures (collateral kills)
  2 two-headed ogres (Orc:2)
  An orc knight (Orc:2)
  An orc sorcerer (Orc:2)
  A kobold blastminer (Orc:2)
  A warg (Orc:2)
  A phantom (D:5)
  2 orc priests
  3 orc wizards
  3 orcs
  An endoplasm (D:3)
  2 gnoll zombies (Ossuary)
  A ball python (D:2)
  A kobold zombie (Ossuary)
20 creatures vanquished.

Grand Total: 748 creatures vanquished

Notes
Turn   | Place    | Note
-------+----------+-------------------------------------------
     0 | D:1      | mainiacjoe the Djinni Alchemist began the quest for the
                  | Orb.
     0 | D:1      | mainiacjoe set off with the following spells memorised:
                  | Sting, Mercury Vapours, Mephitic Cloud, Olgreb's Toxic
                  | Radiance, Sticky Flame.
     0 | D:1      | Reached XP level 1. HP: 15/15 MP: 0/0
   132 | D:1      | Reached XP level 2. HP: 19/21 MP: 0/0
   339 | D:1      | Reached XP level 3. HP: 22/25 MP: 0/0
   339 | D:1      | Learned a level 1 spell: Summon Small Mammal
  1026 | D:2      | Reached XP level 4. HP: 16/31 MP: 0/0
  1126 | D:2      | Noticed Natasha
  1130 | D:2      | Killed Natasha
  1151 | D:2      | Reached XP level 5. HP: 13/35 MP: 0/0
  1151 | D:2      | Learned a level 2 spell: Lesser Beckoning
  1175 | D:2      | Noticed Natasha
  1273 | D:2      | Killed Natasha
  1483 | D:2      | Noticed Natasha
  1529 | D:2      | Killed Natasha
  1530 | D:2      | Reached skill level 5 in Spellcasting
  1530 | D:2      | Reached skill level 5 in Conjurations
  1530 | D:2      | Reached skill level 5 in Hexes
  1530 | D:2      | Reached skill level 5 in Summonings
  1530 | D:2      | Reached skill level 5 in Necromancy
  1530 | D:2      | Reached skill level 5 in Translocations
  1530 | D:2      | Reached skill level 5 in Fire Magic
  1530 | D:2      | Reached skill level 5 in Ice Magic
  1530 | D:2      | Reached skill level 5 in Air Magic
  1530 | D:2      | Reached skill level 5 in Earth Magic
  1530 | D:2      | Reached skill level 5 in Alchemy
  1780 | D:3      | Noticed an ogre
  1797 | D:3      | Killed an ogre
  1798 | D:3      | Reached XP level 6. HP: 33/40 MP: 0/0
  2863 | D:4      | Noticed a sky beast
  2872 | D:4      | Killed a sky beast
  2873 | D:4      | Reached XP level 7. HP: 35/45 MP: 0/0
  2873 | D:4      | Learned a level 3 spell: Sigil of Binding
  3014 | D:4      | Found a snail-covered altar of Cheibriados.
  3033 | D:4      | Noticed Edmund
  3261 | D:4      | Reached XP level 8. HP: 22/50 MP: 0/0
  3503 | D:4      | Killed Edmund
  3504 | D:4      | Reached skill level 5 in Shields
  3985 | D:4      | Became a worshipper of Cheibriados the Contemplative
  3999 | D:5      | Entered Level 5 of the Dungeon
  4173 | D:5      | Found a broken altar of Ashenzari.
  4204 | D:5      | Identified the +0 robe "Sukavasith" {Dex+3 Slay+4 SInv}
  4446 | D:5      | Found a hide-covered altar of Uskayaw.
  4447 | D:5      | Found an ornate altar of the Wu Jian Council.
  4447 | D:5      | Found a glowing silver altar of Zin.
  4453 | D:5      | Found Qocitwis's Distillery.
  4463 | D:5      | Bought a potion of heal wounds for 70 gold pieces
  4463 | D:5      | Bought a potion of might for 56 gold pieces
  4463 | D:5      | Bought a potion of heal wounds for 70 gold pieces
  4536 | D:5      | Reached XP level 9. HP: 40/55 MP: 0/0
  4536 | D:5      | Learned a level 3 spell: Inner Flame
  4537 | D:5      | Reached * piety under Cheibriados
  4734 | D:5      | Found a bloodstained altar of Trog.
  4907 | D:5      | Found a stormy altar of Qazlal.
  4911 | D:5      | Found a staircase to the Ecumenical Temple.
  4919 | Temple   | Entered the Ecumenical Temple
  4950 | D:5      | Found Jodghul's Specific Store.
  4952 | D:5      | Found Lukid's General Store.
  4956 | D:5      | Bought a potion of enlightenment for 50 gold pieces
  5234 | D:6      | Reached skill level 1 in Fighting
  5310 | D:6      | Found a sand-covered staircase.
  5313 | D:6      | Reached skill level 1 in Short Blades
  5315 | Ossuary  | Entered an ossuary
  5671 | D:6      | Noticed Blork the orc
  5676 | D:6      | Killed Blork the orc
  5677 | D:6      | Reached skill level 2 in Short Blades
  5748 | D:6      | Noticed Eustachio
  5761 | D:6      | Killed Eustachio
  5761 | D:6      | Reached ** piety under Cheibriados
  6340 | D:6      | Reached skill level 3 in Short Blades
  6358 | D:6      | Reached XP level 10. HP: 52/67 MP: 0/0
  6381 | D:6      | Reached skill level 5 in Dodging
  6392 | D:6      | Reached skill level 4 in Short Blades
  6726 | D:7      | Reached *** piety under Cheibriados
  6760 | D:7      | Identified the amulet of the Prince of Darkness {Faith
                  | rElec rPois rC- Int+4}
  6815 | D:7      | Found a flagged portal.
  6897 | Bailey   | Entered a bailey
  6903 | Bailey   | Reached skill level 5 in Fighting
  7023 | Bailey   | Reached skill level 5 in Short Blades
  7063 | Bailey   | Reached **** piety under Cheibriados
  7118 | Bailey   | Noticed a vault guard
  7125 | Bailey   | Noticed Prince Ribbit
  7129 | Bailey   | Noticed a vault guard
  7134 | Bailey   | Killed Prince Ribbit
  7148 | Bailey   | Killed a vault guard
  7149 | Bailey   | Reached XP level 11. HP: 26/78 MP: 0/0
  7149 | Bailey   | Learned a level 4 spell: Ignite Poison
  7152 | Bailey   | Killed a vault guard
  7153 | Bailey   | Reached skill level 6 in Short Blades
  7868 | D:8      | Reached skill level 1 in Invocations
  8081 | D:8      | Reached ***** piety under Cheibriados
  8700 | D:8      | Found a hazy altar of Hepliaklqana.
  8701 | D:8      | Noticed Psyche
  8708 | D:8      | Killed Psyche
  8708 | D:8      | Noticed Pikel
  8716 | D:8      | Killed Pikel
  8739 | D:8      | Noticed Grum
  8747 | D:8      | Killed Grum
  9182 | D:8      | Found a staircase to the Lair.
  9226 | D:8      | Noticed a cyan ugly thing
  9310 | D:8      | Killed a cyan ugly thing
  9517 | D:9      | Found a burning altar of Makhleb.
  9528 | D:9      | Found a white marble altar of Elyvilon.
  9604 | D:9      | Found Elunaxoif's Magic Scroll Shoppe.
  9611 | D:9      | Bought a scroll of identify for 26 gold pieces
  9611 | D:9      | Bought a scroll of poison for 52 gold pieces
  9611 | D:9      | Bought a scroll of identify for 26 gold pieces
  9611 | D:9      | Bought a scroll of identify for 26 gold pieces
  9785 | D:9      | Found a blossoming altar of Fedhas.
 10042 | D:9      | Reached XP level 12. HP: 88/88 MP: 0/0
 10175 | D:9      | Noticed Erolcha
 10183 | D:9      | Killed Erolcha
 10285 | D:10     | Entered Level 10 of the Dungeon
 10309 | D:10     | Found Emonorawan's Distillery.
 10467 | D:10     | Found Yqium's Magic Scroll Emporium.
 10481 | D:10     | Bought a scroll of poison for 60 gold pieces
 10537 | D:10     | Found Azaizxoexof's Weapon Emporium.
 10563 | D:10     | Found Fecaunos's Weapon Boutique.
 10580 | D:10     | Found Doonafog's Assorted Antiques.
 10841 | D:10     | Reached skill level 5 in Invocations
 10855 | D:10     | Reached skill level 10 in Dodging
 11042 | D:10     | Reached ****** piety under Cheibriados
 11378 | Lair:1   | Entered Level 1 of the Lair of Beasts
 11932 | Lair:1   | Reached skill level 10 in Fighting
 12106 | Lair:1   | Noticed Sonja
 12111 | Lair:1   | Killed Sonja
 12591 | Lair:1   | Identified the ring "Qoesem" {^Contam rF+ rC+++ rCorr
                  | Str-4}
 12681 | Lair:2   | Reached XP level 13. HP: 80/96 MP: 0/0
 12681 | Lair:2   | Learned a level 5 spell: Freezing Cloud
 12925 | Lair:2   | Found a frozen archway.
 12944 | IceCv    | Entered an ice cave
 12948 | IceCv    | Reached skill level 7 in Short Blades
 13509 | IceCv    | Noticed a frost giant
 13514 | IceCv    | Reached skill level 5 in Stealth
 13525 | IceCv    | Killed a frost giant
 13526 | IceCv    | Reached skill level 8 in Short Blades
 14682 | D:10     | Bought a +2 quick blade of protection for 390 gold pieces
 15020 | Lair:2   | Reached skill level 10 in Invocations
 15033 | Lair:2   | Reached XP level 14. HP: 97/103 MP: 0/0
 15227 | Lair:2   | Reached skill level 9 in Short Blades
 15227 | Lair:2   | Reached skill level 1 in Evocations
 15346 | Lair:2   | Identified the +2 flail "Taits" {freeze, rN+}
 16323 | D:5      | Bought a scroll of revelation for 90 gold pieces
 16658 | Lair:3   | Found a hole to the Spider Nest.
 16660 | Lair:3   | You are sucked into a shaft and drop 2 floors!
 16660 | Lair:5   | Entered Level 5 of the Lair of Beasts
 16666 | Lair:5   | Reached skill level 10 in Short Blades
 17016 | Lair:5   | Found a staircase to the Slime Pits.
 17041 | Lair:4   | Reached skill level 11 in Short Blades
 17044 | Lair:4   | Reached skill level 5 in Evocations
 17187 | Lair:3   | Reached XP level 15. HP: 103/107 MP: 0/0
 17187 | Lair:3   | Learned a level 6 spell: Starburst
 17535 | Lair:3   | Found a staircase to the Shoals.
 17853 | Lair:4   | Identified 2 scrolls of acquirement
 17854 | Lair:4   | Acquired a +2 kite shield of protection
 17855 | Lair:4   | Acquired a manual of Evocations
 17937 | Lair:4   | Found a runed translucent gate.
 17938 | Lair:4   | Found a runed translucent gate.
 17966 | Lair:4   | Found a runed translucent gate.
 17968 | Lair:4   | Noticed Vufrucs's ghost (journeyman DrSh)
 17969 | Lair:4   | Noticed Odimp's ghost (journeyman KoWn)
 18387 | Lair:4   | Reached skill level 12 in Short Blades
 19143 | Lair:5   | Reached XP level 16. HP: 113/113 MP: 0/0
 19457 | Lair:5   | Reached skill level 13 in Short Blades
 19641 | Lair:5   | Identified the +9 long sword of Boics {flame, rPois Str+2}
 20122 | Lair:5   | Identified the +5 ring mail "Muju" {Rampage ^Drain rN+++}
 21640 | D:12     | Reached XP level 17. HP: 119/119 MP: 0/0
 21640 | D:12     | Learned a level 6 spell: Death Channel
 21699 | D:12     | Noticed Snorg
 21716 | D:12     | Killed Snorg
 22161 | D:12     | Found a staircase to the Orcish Mines.
 22220 | Orc:1    | Entered Level 1 of the Orcish Mines
 22358 | Orc:1    | Found a transporter.
 22363 | Orc:1    | Noticed Jorgrun
 22373 | Orc:1    | Found a transporter.
 22374 | Orc:1    | Noticed Tripartite's ghost (journeyman MfBe)
 22538 | Orc:2    | Entered Level 2 of the Orcish Mines
 22564 | Orc:2    | Found a runed translucent gate.
 22568 | Orc:2    | Found a runed translucent gate.
 22569 | Orc:2    | Found a runed translucent gate.
 22571 | Orc:2    | Noticed kftrendy's ghost (journeyman TrFi)
 22576 | Orc:2    | Identified the +3 plate armour of Polytheism {rPois rN+
                  | Int+3}
 22582 | Orc:2    | Identified the +9 scimitar of Non Obstante Veredicto
                  | {speed, rN+++}
 22680 | Orc:2    | Found Zorheleu's Assorted Antiques.
 22727 | Orc:1    | Found Ecvoinod's Antique Armour Boutique.
 23123 | Orc:2    | Reached skill level 14 in Short Blades
 23124 | Orc:2    | Reached skill level 10 in Shields
 23149 | Orc:2    | Noticed Saint Roka
 23470 | Orc:2    | Killed Saint Roka
 23650 | Orc:2    | Found Kiph's Antique Weapon Shop.
 23666 | Orc:2    | Found Zeoqaf's General Store.
 23675 | Orc:2    | Found Sesots's Antique Armour Shop.
 23721 | Orc:2    | Found Borusyg's Book Shop.
 23785 | Orc:2    | Found a staircase to the Elven Halls.
 24389 | D:10     | Bought a scroll of acquirement for 780 gold pieces
 24389 | D:10     | Acquired 693 gold pieces
 24540 | Orc:2    | Bought a scroll of blinking for 97 gold pieces
 24540 | Orc:2    | Bought a scroll of teleportation for 39 gold pieces
 24540 | Orc:2    | Bought a scroll of enchant weapon for 97 gold pieces
 24573 | Orc:2    | Bought a pair of embroidered gloves for 240 gold pieces
 24573 | Orc:2    | Bought a shiny fluorescent wand for 128 gold pieces
 24609 | Orc:1    | Bought an embroidered cloak for 292 gold pieces
 24762 | D:9      | Bought a scroll of enchant armour for 97 gold pieces
 25658 | D:14     | Reached skill level 10 in Spellcasting
 25658 | D:14     | Reached skill level 10 in Conjurations
 25658 | D:14     | Reached skill level 10 in Hexes
 25658 | D:14     | Reached skill level 10 in Summonings
 25658 | D:14     | Reached skill level 10 in Necromancy
 25658 | D:14     | Reached skill level 10 in Translocations
 25658 | D:14     | Reached skill level 10 in Fire Magic
 25658 | D:14     | Reached skill level 10 in Ice Magic
 25658 | D:14     | Reached skill level 10 in Air Magic
 25658 | D:14     | Reached skill level 10 in Earth Magic
 25658 | D:14     | Reached skill level 10 in Alchemy
 25831 | D:13     | Slain by a vault guard

Illustrated notes

Levels and vault maps discovered:
D:1:      elethiomel_arrival_maze, layout_rooms
D:2:      layout_rooms, uniq_natasha
D:3:      layout_basic
D:4:      layout_loops_ring, mainiacjoe_overflow_24_doors, uniq_edmund
D:5:      layout_cave_pools, grunt_temple_overflow_open, general_overflow_altar,
          evilmike_ruin_ashenzari, minmay_temple_entry_proselytizer,
          serial_shops, shop, nicolae_specific_store
D:6:      layout_cave_pods, nicolae_ossuary_entry_giza, minmay_joined_circles,
          uniq_eustachio, uniq_blork_the_orc
D:7:      layout_rooms, enter_bailey_8
D:8:      layout_loops_ring, mainiacjoe_overflow_catwalk, lair_entry_dummy,
          minmay_misc_feat_plants, nzn_random_ring, uniq_pikel, uniq_psyche,
          uniq_grum
D:9:      layout_roguey, marbit_many_paths, vehumet_altar_wand_db,
          mainiacjoe_overflow_catch_the_wave, serial_shops, shop, uniq_erolcha
D:10:     hellmonk_ruined_rings, layout_cave_pods, serial_shops,
          nicolae_shop_behind_doors, shop_statue, nicolae_shop_stone, shop, shop
D:11:     layout_loops_ring
D:12:     layout_stronghold, erik_orc_1, uniq_snorg
D:13:     layout_loops_corners
D:14:     layout_long_grid, hellmonk_vaults_order_and_chaos,
          nicolae_sif_muna_condensation
Temple:   pf_temple_reverse_labyrinth
Lair:1:   layout_cave_pods, grunt_megastairs_5, uniq_sonja
Lair:2:   layout_regular_city, portal_ice_cave_entry_pillars_1
Lair:3:   layout_misc_corridors, elwin_shoals_entry_stream,
          hellmonk_spider_entry_not_the_bees
Lair:4:   layout_hall_layers, gammafunk_ghost_cemetery
Lair:5:   hangedman_lair_in_review, layout_gridlike, slime_entry_1
Orc:1:    layout_caves, serial_shops, shop, gammafunk_ghost_smash, uniq_jorgrun
Orc:2:    grunt_orc_cross, layout_caves, biasface_ghost_orc_armoury,
          serial_shops, nicolae_square_shop, nicolae_orc_pool_cavern

Skill      XL: |  1  2  3  4  5  6  7  8  9 10 11 12 13 14 15 16 17 |
---------------+----------------------------------------------------+-----
Spellcasting   | 4 5 6 7 8 10 | 10.2
Conjurations   | 4 5 6 7 8 10 | 10.2
Hexes          | 4 5 6 7 8 10 | 10.2
Summonings     | 4 5 6 7 8 10 | 10.2
Necromancy     | 4 5 6 7 8 10 | 10.2
Translocations | 4 5 6 7 8 10 | 10.2
Fire Magic     | 4 5 6 7 8 10 | 10.2
Ice Magic      | 4 5 6 7 8 10 | 10.2
Air Magic      | 4 5 6 7 8 10 | 10.2
Earth Magic    | 4 5 6 7 8 10 | 10.2
Alchemy        | 4 5 6 7 8 10 | 10.2
Shields        | 2 4 5 8 9 10 | 10.0
Fighting       | 3 6 8 10 | 10.0
Short Blades   | 3 5 6 8 11 12 13 14 | 14.0
Dodging        | 4 7 9 10 | 10.0
Invocations    | 4 7 10 | 10.0
Stealth        | 3 6 8 |  8.6
Evocations     | 5 7 8 |  8.0

Action                     |  1- 3 |  4- 6 |  7- 9 | 10-12 | 13-15 | 16-18 || total
---------------------------+-------+-------+-------+-------+-------+-------++-------
  Melee: Hand axe          |    34 |       |    35 |    19 |       |       ||    88
         Dagger            |       |    40 |   178 |   344 |    87 |       ||   649
         Quick blade       |       |       |       |       |   394 |   486 ||   880
  Throw: Boomerang         |       |       |       |     6 |    67 |    21 ||    94
   Cast: Sting             |    48 |    54 |    59 |    67 |    26 |       ||   254
         Mercury Vapours   |     3 |       |     1 |       |       |       ||     4
         Mephitic Cloud    |     1 |     5 |    14 |    25 |    23 |    10 ||    78
         Olgreb's Toxic Ra |       |     1 |     9 |    40 |    26 |    24 ||   100
         Summon Small Mamm |       |     5 |    19 |       |       |       ||    24
         Sticky Flame      |       |     1 |    10 |     4 |       |     1 ||    16
         Sigil of Binding  |       |       |     2 |     2 |     2 |       ||     6
         Inner Flame       |       |       |     2 |    19 |     8 |     5 ||    34
         Ignite Poison     |       |       |       |    28 |    36 |    20 ||    84
         Lesser Beckoning  |       |       |       |     1 |       |       ||     1
         Freezing Cloud    |       |       |       |       |    26 |     9 ||    35
         Starburst         |       |       |       |       |     3 |    10 ||    13
         Death Channel     |       |       |       |       |       |     7 ||     7
 Invoke: Slouch            |       |       |       |       |     7 |     3 ||    10
  Evoke: Wand              |       |       |     4 |     2 |     4 |     2 ||    12
    Use: Scroll            |     4 |     4 |     6 |    13 |     6 |     7 ||    40
         Potion            |       |       |     3 |     1 |     1 |     1 ||     6
   Stab: Confused          |     1 |     1 |     6 |     5 |     7 |     5 ||    25
         Sleeping          |       |     1 |       |     3 |     4 |    11 ||    19
         Distracted        |       |       |       |     2 |       |     3 ||     5
 Armour: Robe              |    30 |    22 |   130 |    43 |    92 |    53 ||   370
         Leather armour    |       |       |       |    56 |       |       ||    56
  Dodge: Dodged            |    28 |    25 |   149 |   245 |   212 |   124 ||   783
  Block: Buckler           |       |     4 |    72 |   113 |    72 |       ||   261
         Kite shield       |       |       |       |       |    14 |   203 ||   217
